Map: 10000 Feet LE

Players

SCIInewby

  • Race: Zerg Zerg
  • League: Master
  • Spawn Location: 11:00

waze - Winner!

  • Race: Protoss Protoss
  • League: Gold
  • Spawn Location: 5:00

VOD

Have the link to the VOD?

Description

Time

  • Played on: Feb. 11, 2026, 12:17 p.m.
  • Length: 13:18
Show
View Real Time Build Order
Export as new Build Order

SCIInewby Zerg 

Build Orders: Pool First 

Get SALT Encoding   

  12  0:00  Drone  
  13  0:12  Overlord  
  13  0:16  Drone  
  14  0:36  Spawning Pool  
  14  0:37  Drone  
  14  0:41  Drone  
  15  0:45  Drone  
  16  0:55  Drone  
  17  1:14  Hatchery  
  17  1:18  Drone x2  
  17  1:22  Extractor  
  17  1:25  Zergling x2  
  18  1:36  Queen  
  18  1:39  Drone  
  21  1:52  Drone  
  22  1:57  Overlord  
  22  2:09  Extractor, Drone  
  22  2:16  Queen  
  22  2:20  Drone  
  25  2:25  Drone  
  26  2:30  Zergling x2  
  26  2:37  Zergling x4  
  28  2:53  Zergling x2  
  28  2:54  Zergling x6  
  28  2:57  Drone  
  29  3:00  Drone  
  30  3:09  Queen  
  32  3:26  Drone x3  
  35  3:29  Overlord x2  
  35  3:40  Overlord  
  35  3:46  Lair  
  35  3:54  Zergling x2  
  35  3:55  Zergling x4  
  34  3:57  Zergling x2  
  33  4:07  Zergling x2  
  33  4:08  Zergling x6  
  37  4:12  Zergling x2  
  38  4:20  Drone x2  
  38  4:22  Drone  
  41  4:50  Hatchery  
  40  4:59  Zergling x2  
  40  5:00  Zergling x4  
  37  5:16  Drone  
  37  5:23  Zergling x2  
  36  5:52  Zergling x4  
  36  5:53  Zergling x4, Roach Warren  
  37  6:01  Zergling x2  
  37  6:21  Zergling x2  
  37  6:22  Zergling x10  
  43  6:35  Drone x3  
  43  6:36  Spine Crawler x2  
  43  6:37  Spine Crawler  
  43  6:39  Roach  
  45  6:40  Roach x2  
  37  7:02  Roach x5  
  37  7:03  Roach  
  49  7:11  Spine Crawler  
  48  7:19  Spine Crawler  
  47  7:25  Drone  
  47  7:26  Roach x3  
  47  7:27  Roach, Infestation Pit  
  47  7:29  Drone  
  56  7:33  Drone  
  57  7:46  Zergling x6  
  60  8:00  Overlord x3  
  60  8:07  Overlord  
  68  8:48  Roach  
  60  9:20  Extractor  
  60  9:21  Extractor, Burrow  
  56  9:31  Roach  
  56  9:32  Roach x7  
  74  9:47  Drone  
  90  11:01  Zergling x2  
  90  11:02  Zergling x2  
  92  11:04  Overlord x5  
  92  11:31  Roach x5  
  88  12:04  Spore Crawler x2  
  88  12:06  Spore Crawler  
  85  12:17  Hatchery  
Show
View Real Time Build Order
Export as new Build Order

waze Protoss - Winner!

Build Orders:  

Get SALT Encoding   

  12  0:06  Probe  
  13  0:18  Probe  
  14  0:30  Probe  
  14  0:32  Pylon  
  15  0:50  Probe  
  15  0:52  Gateway  
  16  0:59  Gateway  
  16  1:02  Probe  
  17  1:09  Gateway  
  17  1:17  Pylon  
  17  1:27  Pylon  
  17  1:39  Pylon  
  17  1:46  Forge  
  19  1:54  Zealot  
  19  1:57  Zealot  
  19  2:01  Zealot  
  23  2:21  Photon Cannon  
  23  2:31  Photon Cannon  
  21  2:48  Zealot  
  21  2:49  Zealot  
  21  2:58  Zealot  
  23  3:08  Zealot  
  23  3:09  Zealot  
  23  3:18  Zealot  
  29  3:33  Zealot  
  29  4:05  Zealot  
  29  4:08  Zealot  
  29  4:09  Zealot  
  23  4:32  Zealot  
  23  4:33  Photon Cannon  
  23  4:36  Zealot  
  27  4:40  Assimilator  
  27  4:45  Probe  
  27  4:46  Assimilator  
  28  4:53  Probe  
  28  4:55  Photon Cannon  
  29  5:02  Probe  
  30  5:13  Nexus  
  30  5:14  Probe  
  31  5:26  Probe  
  31  5:27  Pylon  
  30  5:48  Photon Cannon  
  30  6:03  Probe  
  30  6:08  Cybernetics Core  
  31  6:11  Probe  
  32  6:21  Probe  
  32  6:24  Protoss Ground Weapons Level 1  
  32  6:25  Probe  
  34  6:34  Warp Gate  
  34  6:37  Probe  
  35  6:49  Probe  
  36  7:01  Probe  
  37  7:09  Shield Battery, Zealot  
  37  7:11  Probe  
  40  7:16  Assimilator  
  40  7:19  Probe  
  40  7:22  Assimilator  
  40  7:28  Probe  
  41  7:31  Twilight Council  
  41  7:36  Gateway  
  42  7:39  Probe  
  43  7:51  Probe  
  44  8:02  Photon Cannon  
  44  8:03  Pylon  
  44  8:08  Charge  
  44  8:12  Protoss Ground Armor Level 1  
  44  8:24  Zealot x3  
  45  8:36  Zealot  
  42  8:46  Zealot  
  42  8:47  Zealot x2  
  34  8:59  Zealot  
  29  9:15  Zealot  
  29  9:16  Zealot x2  
  27  9:43  Probe  
  28  9:55  Probe  
  28  9:57  Dark Shrine  
  28  9:59  Probe  
  30  10:07  Probe x2  
  32  10:17  Probe  
  29  10:29  Probe  
  28  10:37  Zealot x3  
  28  10:41  Probe  
  25  11:12  Dark Templar x4  
Tags
 
Matchup
PvZ
Opening
Pool First
Replay Pack
vannon
Spawn Locations
Cross Positions
Add a new tag
Caveats
  • Supply blocks, unpowered buildings, or Contaminate may cause inaccurate times.
  • Supply counts are checked every 10 seconds.